TOP OF THE 1ST |
---|
Ottawa Fat Cats batting - Pitching for Grand Rapids Dutch Ovens : RHP Alberto Bustamante | Pitching: RHP Alberto Bustamante | | Batting: RHB Carlino Marinis | 0-0: Called Strike 0-1: Bunted foul 0-2: SINGLE (Flyball, 8LS) | Batting: RHB Jesús Herrera | 0-0: Called Strike 0-1: Called Strike 0-2: Ball 1-2: Ball 2-2: Ball 3-2: Fly out, F7 (Flyball, 7LM) | Batting: LHB Geoff May | 0-0: Ball 1-0: Fly out, F5 (Popup, 15) | Batting: RHB León Reynoso | 0-0: Called Strike 0-1: Called Strike 0-2: Foul Ball, location: 2F 0-2: Ball Pickoff Throw to First - Error! E1 Carlino Marinis to second 1-2: Ball 2-2: Strikes out swinging | Top of the 1st over - 0 runs, 1 hit, 1 error, 1 left on base; Ottawa 0 - Grand Rapids 0 | BOTTOM OF THE 1ST |
---|
Grand Rapids Dutch Ovens batting - Pitching for Ottawa Fat Cats : RHP Luis González | Pitching: RHP Luis González | | Batting: RHB Earl Davis | 0-0: Ball 1-0: Swinging Strike 1-1: Ball 2-1: Foul Ball, location: 2F 2-2: Fly out, F9 (Flyball, 9) | Batting: RHB Jason Philip | 0-0: Ball 1-0: Foul Ball, location: 2F 1-1: Swinging Strike 1-2: Ball 2-2: Strikes out swinging | Batting: RHB Víctor López | 0-0: Called Strike 0-1: Foul Ball, location: 2F 0-2: Strikes out swinging | Bottom of the 1st over - 0 runs, 0 hits, 0 errors, 0 left on base; Ottawa 0 - Grand Rapids 0 | TOP OF THE 2ND |
---|
Ottawa Fat Cats batting - Pitching for Grand Rapids Dutch Ovens : RHP Alberto Bustamante | Batting: SHB Raúl Rivas | 0-0: Called Strike 0-1: Called Strike 0-2: Ball 1-2: Ground out 1-3 (Groundball, 15S) | Batting: LHB Aaron Scott | 0-0: Called Strike 0-1: Ball 1-1: Ground out 6-3 (Groundball, 6S) | Batting: LHB Bill Williams | 0-0: Ball 1-0: Foul Ball, location: 2F 1-1: Ball 2-1: Called Strike 2-2: Strikes out swinging | Top of the 2nd over - 0 runs, 0 hits, 0 errors, 0 left on base; Ottawa 0 - Grand Rapids 0 | BOTTOM OF THE 2ND |
---|
Grand Rapids Dutch Ovens batting - Pitching for Ottawa Fat Cats : RHP Luis González | Batting: LHB Al Cramer | 0-0: Called Strike 0-1: Ball 1-1: Foul Ball, location: 2F 1-2: Reached on error, E6 (Groundball, 6) | Batting: LHB Pedro Robolledo | 0-0: Called Strike 0-1: Foul Ball, location: 2F 0-2: Foul Ball, location: 2F 0-2: Ball 1-2: Strikes out swinging | Batting: RHB Mike Best | 0-0: Ball 1-0: Called Strike 1-1: Fly out, F3 (Popup, 34S) | Batting: LHB Chris Russell | 0-0: Called Strike 0-1: Ball 1-1: Called Strike 1-2: Strikes out swinging | Bottom of the 2nd over - 0 runs, 0 hits, 1 error, 1 left on base; Ottawa 0 - Grand Rapids 0 | TOP OF THE 3RD |
---|
Ottawa Fat Cats batting - Pitching for Grand Rapids Dutch Ovens : RHP Alberto Bustamante | Batting: RHB Tim Hesse | 0-0: Foul Ball, location: 2F 0-1: Foul Ball, location: 2F 0-2: Strikes out swinging | Batting: RHB Joseph Leach | 0-0: SINGLE (Line Drive, 34) | Batting: RHB Carlino Marinis | 0-0: Swinging Strike 0-1: SINGLE (Groundball, 34D) Joseph Leach to second Runner from 2nd tries for 3rd, SAFE, no throw | Batting: RHB Jesús Herrera | 0-0: Called Strike Carlino Marinis steals 2nd base 0-1: Swinging Strike 0-2: Foul Ball, location: 2F 0-2: Strikes out swinging | Batting: LHB Geoff May | 0-0: Foul Ball, location: 2F 0-1: DOUBLE (Line Drive, 7LM) Joseph Leach scores Carlino Marinis scores | Batting: RHB León Reynoso | 0-0: Fly out, F4 (Line Drive, 4) | Top of the 3rd over - 2 runs, 3 hits, 0 errors, 1 left on base; Ottawa 2 - Grand Rapids 0 | BOTTOM OF THE 3RD |
---|
Grand Rapids Dutch Ovens batting - Pitching for Ottawa Fat Cats : RHP Luis González | Batting: RHB Antenor Anchieta | 0-0: Fly out, F5 (Flyball, 56D) | Batting: RHB Weldon Bell | 0-0: Ball 1-0: Called Strike 1-1: Hit by Pitch | Batting: RHB Earl Davis | 0-0: Called Strike 0-1: Ball 1-1: SINGLE (Groundball, 4MD) Weldon Bell to second | Batting: RHB Jason Philip | 0-0: SINGLE (Groundball, 6MD) Weldon Bell to third Earl Davis to second Runner from 3rd tries for Home, SAFE, no throw | Batting: RHB Víctor López | 0-0: Foul Ball, location: 2F 0-1: Called Strike 0-2: Grounds into double play, 6-4-3 (Groundball, 6) | Bottom of the 3rd over - 1 run, 2 hits, 0 errors, 1 left on base; Ottawa 2 - Grand Rapids 1 | TOP OF THE 4TH |
---|
Ottawa Fat Cats batting - Pitching for Grand Rapids Dutch Ovens : RHP Alberto Bustamante | Batting: SHB Raúl Rivas | 0-0: Called Strike 0-1: Ball 1-1: Ball 2-1: Ball 3-1: Base on Balls | Batting: LHB Aaron Scott | 0-0: Ball 1-0: Swinging Strike 1-1: Called Strike 1-2: Strikes out swinging | Batting: LHB Bill Williams | 0-0: Swinging Strike 0-1: Foul Ball, location: 2F 0-2: Ball 1-2: Ground out U3 (Groundball, 34S) Raúl Rivas to second | Batting: RHB Tim Hesse | 0-0: Ball 1-0: Foul Ball, location: 2F 1-1: Ball 2-1: SINGLE (Popup, 5D) Raúl Rivas to third Runner from 3rd tries for Home, SAFE, throw made home | Batting: RHB Joseph Leach | 0-0: Fielders Choice at 2nd, 6-4 (Groundball, 6) | Top of the 4th over - 1 run, 1 hit, 0 errors, 1 left on base; Ottawa 3 - Grand Rapids 1 | BOTTOM OF THE 4TH |
---|
Grand Rapids Dutch Ovens batting - Pitching for Ottawa Fat Cats : RHP Luis González | Batting: LHB Al Cramer | 0-0: Called Strike 0-1: Ground out U3 (Groundball, 3) | Batting: LHB Pedro Robolledo | 0-0: Called Strike 0-1: Foul Ball, location: 2F 0-2: Ball 1-2: Foul Ball, location: 2F 1-2: Fly out, F5 (Popup, 6S) | Batting: RHB Mike Best | 0-0: Ball 1-0: Ball 2-0: Called Strike 2-1: Foul Ball, location: 2F 2-2: Fly out, F8 (Line Drive, 8LM) | Bottom of the 4th over - 0 runs, 0 hits, 0 errors, 0 left on base; Ottawa 3 - Grand Rapids 1 | TOP OF THE 5TH |
---|
Ottawa Fat Cats batting - Pitching for Grand Rapids Dutch Ovens : RHP Alberto Bustamante | Batting: RHB Carlino Marinis | 0-0: Fly out, F9 (Flyball, 9) | Batting: RHB Jesús Herrera | 0-0: Foul Ball, location: 2F 0-1: Ball 1-1: Swinging Strike 1-2: Foul Ball, location: 2F 1-2: Strikes out swinging | Batting: LHB Geoff May | 0-0: Ball 1-0: Swinging Strike 1-1: Ball 2-1: Foul Ball, location: 2F 2-2: Foul Ball, location: 2F 2-2: Strikes out swinging | Top of the 5th over - 0 runs, 0 hits, 0 errors, 0 left on base; Ottawa 3 - Grand Rapids 1 | BOTTOM OF THE 5TH |
---|
Grand Rapids Dutch Ovens batting - Pitching for Ottawa Fat Cats : RHP Luis González | Batting: LHB Chris Russell | 0-0: Ball 1-0: Ball 2-0: Ball 3-0: Called Strike 3-1: SINGLE (Line Drive, 8LS) | Batting: RHB Antenor Anchieta | 0-0: Ball 1-0: Called Strike 1-1: Foul Ball, location: 2F 1-2: Ball 2-2: Fly out, F8 (Flyball, 8LD) | Batting: RHB Weldon Bell | 0-0: Ball 1-0: Ball 2-0: Ball 3-0: Base on Balls Chris Russell to second | Batting: RHB Earl Davis | 0-0: Swinging Strike 0-1: Foul Ball, location: 2F 0-2: Strikes out swinging | Batting: RHB Jason Philip | 0-0: Fly out, F8 (Flyball, 78D) | Bottom of the 5th over - 0 runs, 1 hit, 0 errors, 2 left on base; Ottawa 3 - Grand Rapids 1 | TOP OF THE 6TH |
---|
Ottawa Fat Cats batting - Pitching for Grand Rapids Dutch Ovens : RHP Alberto Bustamante | Batting: RHB León Reynoso | 0-0: Fly out, F8 (Flyball, 8RD) | Batting: SHB Raúl Rivas | 0-0: Ball 1-0: Called Strike 1-1: Ball 2-1: Fly out, F9 (Flyball, 9LS) | Batting: LHB Aaron Scott | 0-0: Called Strike 0-1: Called Strike 0-2: Fly out, F9 (Flyball, 89S) | Top of the 6th over - 0 runs, 0 hits, 0 errors, 0 left on base; Ottawa 3 - Grand Rapids 1 | BOTTOM OF THE 6TH |
---|
Grand Rapids Dutch Ovens batting - Pitching for Ottawa Fat Cats : RHP Luis González | Batting: RHB Víctor López | 0-0: Called Strike 0-1: Ball 1-1: Foul Ball, location: 2F 1-2: SINGLE (Line Drive, 6MD) | Batting: LHB Al Cramer | 0-0: Fly out, F7 (Line Drive, 7S) | Batting: LHB Pedro Robolledo | 0-0: Ball 1-0: Called Strike 1-1: Fly out, F9 (Flyball, 9LSF) | Batting: RHB Mike Best | 0-0: Ball 1-0: Foul Ball, location: 2F 1-1: Swinging Strike 1-2: Fielders Choice at 2nd, 6-4 (Groundball, 6) | Bottom of the 6th over - 0 runs, 1 hit, 0 errors, 1 left on base; Ottawa 3 - Grand Rapids 1 | TOP OF THE 7TH |
---|
Ottawa Fat Cats batting - Pitching for Grand Rapids Dutch Ovens : RHP Alberto Bustamante | Batting: LHB Bill Williams | 0-0: Ball 1-0: Swinging Strike 1-1: Fly out, F9 (Flyball, 9) | Batting: RHB Tim Hesse | 0-0: Called Strike 0-1: Foul Ball, location: 2F 0-2: Strikes out swinging | Batting: RHB Joseph Leach | 0-0: Called Strike 0-1: Swinging Strike 0-2: Reached on error, E3 (Groundball, 34) | Pitching: RHP Jesús Mendoza | | Batting: RHB Carlino Marinis | 0-0: Called Strike 0-1: Foul Ball, location: 2F 0-2: Ground out U3 (Groundball, 3) | Top of the 7th over - 0 runs, 0 hits, 1 error, 1 left on base; Ottawa 3 - Grand Rapids 1 | BOTTOM OF THE 7TH |
---|
Grand Rapids Dutch Ovens batting - Pitching for Ottawa Fat Cats : RHP Luis González | Batting: LHB Chris Russell | 0-0: Ball 1-0: Foul Ball, location: 2F 1-1: Called Strike 1-2: Foul Ball, location: 2F 1-2: Ground out 4-3 (Groundball, 4) | Batting: RHB Antenor Anchieta | 0-0: Swinging Strike 0-1: Foul Ball, location: 2F 0-2: Fly out, F9 (Flyball, 9LDF) | Batting: RHB Weldon Bell | 0-0: Foul Ball, location: 2F 0-1: Ground out 6-3 (Groundball, 6) | Bottom of the 7th over - 0 runs, 0 hits, 0 errors, 0 left on base; Ottawa 3 - Grand Rapids 1 | TOP OF THE 8TH |
---|
Ottawa Fat Cats batting - Pitching for Grand Rapids Dutch Ovens : RHP Jesús Mendoza | Batting: RHB Jesús Herrera | 0-0: Called Strike 0-1: Called Strike 0-2: Ball 1-2: Strikes out swinging | Batting: LHB Geoff May | 0-0: Called Strike 0-1: Ball 1-1: Swinging Strike 1-2: Strikes out swinging | Batting: RHB León Reynoso | 0-0: Ball 1-0: Called Strike 1-1: Ball 2-1: Ball 3-1: Called Strike 3-2: Strikes out looking | Top of the 8th over - 0 runs, 0 hits, 0 errors, 0 left on base; Ottawa 3 - Grand Rapids 1 | BOTTOM OF THE 8TH |
---|
Grand Rapids Dutch Ovens batting - Pitching for Ottawa Fat Cats : RHP Luis González | Pitching: LHP Bryan Baker | | Batting: RHB Earl Davis | 0-0: Called Strike 0-1: SINGLE (Groundball, 34S) (infield hit) | Pinch Runner at 1st Dennis Brown: | | Batting: RHB Jason Philip | 0-0: Ball 1-0: Called Strike 1-1: Ball 2-1: Foul Ball, location: 2F 2-2: Fly out, F9 (Flyball, 9) | Batting: RHB Víctor López | 0-0: Ball 1-0: Ball 2-0: Grounds into double play, 5-4-3 (Groundball, 5) | Bottom of the 8th over - 0 runs, 1 hit, 0 errors, 0 left on base; Ottawa 3 - Grand Rapids 1 | TOP OF THE 9TH |
---|
Ottawa Fat Cats batting - Pitching for Grand Rapids Dutch Ovens : RHP Jesús Mendoza | Now at SS: Dennis Brown | | Batting: SHB Raúl Rivas | 0-0: Ball 1-0: Called Strike 1-1: SINGLE (Line Drive, 78S) | Batting: LHB Aaron Scott | 0-0: SINGLE (Flyball, 78S) Raúl Rivas to second | Pinch Hitting: RHB Robert Blanchard | 0-0: 3-RUN HOME RUN (Flyball, 7LD), Distance : 357 ft | Batting: RHB Tim Hesse | 0-0: Called Strike 0-1: Ball 1-1: Called Strike 1-2: Strikes out swinging | Batting: RHB Joseph Leach | 0-0: Called Strike 0-1: Swinging Strike 0-2: Foul Ball, location: 2F 0-2: Strikes out swinging | Batting: RHB Carlino Marinis | 0-0: Ball 1-0: Ball 2-0: Called Strike 2-1: Swinging Strike 2-2: Strikes out swinging | Top of the 9th over - 3 runs, 3 hits, 0 errors, 0 left on base; Ottawa 6 - Grand Rapids 1 | BOTTOM OF THE 9TH |
---|
Grand Rapids Dutch Ovens batting - Pitching for Ottawa Fat Cats : LHP Bryan Baker | Now in RF: Robert Blanchard | | Batting: LHB Al Cramer | 0-0: Called Strike 0-1: Foul Ball, location: 2F 0-2: Strikes out swinging, 2-3 out at first. | Batting: LHB Pedro Robolledo | 0-0: Called Strike 0-1: Swinging Strike 0-2: Strikes out swinging | Pitching: LHP Danny Campbell | | Batting: RHB Mike Best | 0-0: Called Strike 0-1: Fly out, F8 (Flyball, 8LM) | Bottom of the 9th over - 0 runs, 0 hits, 0 errors, 0 left on base; Ottawa 6 - Grand Rapids 1 | |